[Event "SixDays Budapest January IM-A 2025"]
[Site "Budapest"]
[Date "2025.01.27"]
[Round "2.4"]
[White "Golubovskis, Maksims"]
[Black "Fodor, Balazs"]
[Result "1-0"]
[Annotator "TA"]
[ECO "B10"]
[WhiteElo "2237"]
[BlackElo "2214"]
[PlyCount "60"]
[EventDate "2025.01.24"]
[EventType "tourn"]
[EventCountry "HUN"]
[SourceTitle "playchess.com"]
[Source "ChessBase"]
[SourceQuality "1"]
[TimeControl "5400+30"]

1. e4 c6 2. Nf3 d5 3. Nc3 dxe4 4. Nxe4 Nf6 5. Qe2 Nxe4 6. Qxe4 Nd7 7. Bc4 Nf6 8. Qe2 Bf5 9. d4 e6 10. O-O $1 {[%emt 0:00:54][%mdl 4] is recently more successful than 10.Bg5.} Be7 {[%emt 0:01:03] 10...Bd6 is vanishing.} 11. Bf4 O-O {[%emt 0:00:10] B17: Caro-Kann: Modern Line (4...Nd7).} 12. c3 h6 13. Rfe1 Bd6 $146 {[%emt 0:07:17] The position is equal.} (13... Nd5 14. Be5 Qb6 15. h3 Rad8 16. Rad1 Rfe8 17. Bb3 a5 18. c4 Nf6 19. c5 Qb4 20. Rc1 Be4 {1-0 Milosevic,G (2405)-Kallai,G (2510) Verbandsliga Sued Baden 9495 1994 (2.1)}) 14. Ne5 Qc7 15. Rad1 Rad8 16. h3 Nd5 17. Bc1 Rfe8 18. Bb3 a6 19. Qf3 b5 20. c4 bxc4 21. Nxc4 Bb4 22. Re2 Be7 23. Bd2 Qa7 ({Better is} 23... Qb7 $14) 24. Ne5 $16 {[%emt 0:02:24][%csl Oe5] Strong Square White (e5)} Rc8 $2 {[%emt 0:08:41][%mdl 8192] [#] Loses the game.} (24... Rd6 $16 25. Nxf7 (25. g4 Bg6 $14) 25... Kxf7) 25. g4 $18 f6 26. Nxc6 Rxc6 27. Bxd5 Rd6 28. Bb3 ({Weaker is} 28. gxf5 Rxd5 29. Bf4 (29. Rxe6 Qxd4 30. Re2 Rb5 $16) 29... Rxd4 30. Rxd4 (30. Rxe6 Rxd1+ 31. Qxd1 Rd8 $16) 30... Qxd4 $16) 28... Bg6 {[%emt 0:01:28] White has a decisive advantage.} 29. Bxe6+ Kh8 30. d5 Bf8 {[%emt 0:02:41] Weighted Error Value: White=0.25 (precise) /Black=0.47  Loses game:     	---       	Black=1      Mistake:       	---       	Black=1      OK:         	White=9     	Black=5      Best:        	White=1     	---} 1-0

[Event "SixDays Budapest January IM-A 2025"]
[Site "Budapest"]
[Date "2025.01.27"]
[Round "2.5"]
[White "Varga, Zoltan"]
[Black "Kustar, Sandor"]
[Result "1/2-1/2"]
[Annotator "TA"]
[ECO "A05"]
[WhiteElo "2304"]
[BlackElo "2240"]
[PlyCount "38"]
[EventDate "2025.01.24"]
[EventType "tourn"]
[EventCountry "HUN"]
[SourceTitle "playchess.com"]
[Source "ChessBase"]
[SourceQuality "1"]
[TimeControl "5400+30"]

1. Nf3 Nf6 2. c4 b6 3. g3 Bb7 4. Bg2 g6 5. O-O Bg7 6. d3 O-O 7. e4 c5 8. Nc3 d6 9. Re1 Nc6 10. Rb1 {A30: Symmetrical English: Double Fianchetto and Hedgehog.} Nd7 11. Be3 Nd4 $146 (11... Nde5 12. Nh4 Nd4 13. f4 Nec6 14. Bf2 e6 15. a3 Qd7 16. Kh1 a6 17. Nf3 b5 {0-1 Gomez Esteban,J (2463)-Anton Guijarro,D (2581) Sestao op 29th 2013 (5)}) 12. Qd2 {The position is equal.} f5 {[#]} (12... Nxf3+ $11 13. Bxf3 Ne5) 13. Bxd4 $1 $16 cxd4 14. Nb5 fxe4 15. dxe4 {[#] White is more active.} (15. Nfxd4 $16 {Hoping for Ne6.} Nc5 16. dxe4 (16. Bxe4 Nxe4 17. dxe4 Qc8 $18)) 15... Rxf3 16. Bxf3 Ne5 (16... e5 $16) 17. Bg2 {White is clearly better.} Nxc4 (17... Nc6 $16 18. Rbd1 e5) 18. Qe2 Na5 19. Rec1 Nc6 {[%mdl 32768] Weighted Error Value: White=0.33/Black=0.62 An unexpected result.  Mistake:       	White=1     	Black=4      Inaccurate:     	White=2     	Black=3      OK:         	White=1     	Black=2      Strong:       	White=1     	---} 1/2-1/2

[Event "SixDays Budapest January IM-A 2025"]
[Site "Budapest"]
[Date "2025.01.27"]
[Round "3.1"]
[White "Kustar, Sandor"]
[Black "Karacsonyi, Kata"]
[Result "1/2-1/2"]
[Annotator "TA"]
[ECO "B20"]
[WhiteElo "2240"]
[BlackElo "2183"]
[PlyCount "117"]
[EventDate "2025.01.24"]
[EventType "tourn"]
[EventCountry "HUN"]
[SourceTitle "playchess.com"]
[Source "ChessBase"]
[SourceQuality "1"]
[TimeControl "5400+30"]

1. e4 c5 2. d3 Nc6 3. g3 g6 4. Bg2 Bg7 5. f4 d6 6. Nf3 e6 7. c3 {[%emt 0:00:28] B20: Sicilian: Unusual White 2nd moves.} f5 8. Qe2 Nge7 9. O-O {[%emt 0:09:03] White is slightly better.} O-O 10. Re1 $146 (10. Be3 Rb8 11. Nbd2 Qb6 12. Nc4 Qc7 13. e5 dxe5 14. Bxc5 Rd8 15. Bxe7 Qxe7 16. Nfxe5 Nxe5 17. fxe5 b5 18. Nd6 Qc7 {1-0 Breneis,L (2178)-Kreutzmann,D (1937) Innsbruck op-A 1st 2017 (6)}) 10... e5 11. fxe5 dxe5 12. Be3 b6 13. exf5 Bxf5 14. Bf1 {[%emt 0:01:03] [#]} (14. Ng5 $11 {remains equal.}) 14... Bxd3 15. Qxd3 $14 Qxd3 16. Bxd3 {[%emt 0:00:05] A sharp opening} Rxf3 17. Nd2 {[%emt 0:00:08] White sacrificed a pawn} Rff8 18. Bc4+ {[%emt 0:00:43][%mdl 1024] White has compensation.} Kh8 19. Ne4 h6 20. Rad1 Rad8 21. Kg2 Kh7 22. g4 Ng8 23. h3 Nf6 24. Rxd8 Rxd8 25. Kf3 Ne7 26. Nxf6+ Bxf6 27. Ke4 Nc8 28. Kf3 Bh4 29. Rf1 (29. Re2 $5) 29... Nd6 30. Bd5 Rf8+ 31. Ke2 Rxf1 32. Kxf1 $15 {[%emt 0:00:02][%mdl 4096] Endgame KBB-KBN. Black is a pawn up.} Bg3 33. Ke2 Bf4 34. Bf2 e4 35. b4 Nb5 36. Be1 cxb4 37. cxb4 Nd4+ 38. Kf2 e3+ 39. Kg2 Nc2 40. Bc3 (40. Kf1 $1 $15) 40... e2 $19 41. Kf3 {[%emt 0:02:00] Against Ne3} e1=Q $2 (41... e1=R 42. Bxe1 Nxe1+ 43. Kxf4 Nd3+ 44. Ke3 Nxb4 45. Bc4 $17) ({Better is} 41... Be5 $19 42. Bd2 e1=Q (42... e1=R $2 43. Bxe1 Nxe1+ 44. Ke4 $19) (42... e1=B $2 43. Bc1 $19) 43. Bxe1 Nxe1+ 44. Ke4 Bd6) 42. Bxe1 $11 Nxe1+ 43. Kxf4 {[%emt 0:00:08] [#] Be4 is the strong threat. KB-KN} Nd3+ 44. Ke4 Nxb4 45. Bb3 Kg7 46. Ke5 Nd3+ 47. Kd6 Nf2 48. Kc6 {[%emt 0:00:37] The position is equal.} Nxh3 49. Kb7 Nf4 50. Kxa7 b5 51. Kb6 b4 52. Bc4 h5 53. gxh5 gxh5 54. Kb5 h4 {[%emt 0:00:27] ...h3 is the strong threat.} 55. Bf1 Nd5 56. Kc5 Nc3 57. Kxb4 Nxa2+ 58. Kb3 Nc1+ 59. Kb2 {[%emt 0:00:09] Weighted Error Value: White=0.16 (very precise) /Black=0.21 (precise)   Loses game:     	White=1     	---        Missed win:     	---       	Black=1      Mistake:       	White=1     	Black=1      Inaccurate:     	White=4     	Black=3      OK:         	White=23    	Black=15     Best:        	White=2     	Black=6} 1/2-1/2

[Event "SixDays Budapest January IM-A 2025"]
[Site "Budapest"]
[Date "2025.01.27"]
[Round "3.2"]
[White "Fodor, Balazs"]
[Black "Varga, Zoltan"]
[Result "1/2-1/2"]
[Annotator "TA"]
[ECO "B03"]
[WhiteElo "2214"]
[BlackElo "2304"]
[PlyCount "113"]
[EventDate "2025.01.24"]
[EventType "tourn"]
[EventCountry "HUN"]
[SourceTitle "playchess.com"]
[Source "ChessBase"]
[SourceQuality "1"]
[TimeControl "5400+30"]

1. e4 Nf6 2. e5 Nd5 3. d4 d6 4. c4 Nb6 5. f4 g6 6. Nc3 Bg7 7. Be3 Be6 8. d5 Bc8 9. Nf3 O-O {[%emt 0:02:35] White is slightly better.} 10. Qd2 Bg4 11. O-O-O N8d7 (11... c6 $11 {remains equal.}) 12. h3 $1 $16 Bxf3 13. gxf3 dxe5 14. c5 $1 {[%emt 0:00:37] White is more active.} exf4 15. Bd4 Ne5 16. Bxe5 (16. cxb6 $6 Nxf3 17. Qxf4 Nxd4 18. bxc7 Qd6 19. Rxd4 Qxf4+ 20. Rxf4 Bh6 $14) 16... Bxe5 17. cxb6 cxb6 18. Kb1 Rc8 19. Ne4 Qc7 {[%emt 0:07:30] Black is weak on the light squares} 20. h4 Rfd8 21. Rh2 $1 (21. h5 $6 Rxd5 22. Bd3 (22. Nf6+ $2 Bxf6 23. Bd3 Rcd8 $19) 22... Rcd8 $14) 21... e6 (21... Bg7 {is a better defense.} 22. d6 exd6) 22. d6 $18 Qc6 23. Qb4 $1 (23. h5 f5 24. Bh3 Kf8 25. hxg6 hxg6 $11) 23... a6 {[%emt 0:02:06] Prevents Bb5} 24. h5 Rd7 25. hxg6 hxg6 26. Qb3 b5 27. a3 Kg7 28. Rhd2 Qb6 29. a4 b4 (29... Qe3 $16 30. Rd3 bxa4 31. Qxa4 Qb6) 30. Bc4 {[%emt 0:02:06][%cal Oc4e6] And now Bxe6! would win.} Re8 31. Rh1 {[%emt 0:03:52] Inhibits Qa5.} Rdd8 32. Rdh2 Rh8 {[%emt 0:01:43] Wards off Rh7+} 33. Rxh8 Rxh8 34. Rxh8 Kxh8 35. Qd1 Kg7 36. d7 Bc7 37. Bb3 Kf8 38. Ka2 Ke7 39. Qd2 a5 {[%emt 0:10:43] [#]} 40. d8=Q+ Bxd8 $14 41. Qxf4 {[%emt 0:00:03] Strongly threatening Ng5.} Qd4 42. Qb8 b6 43. Qg3 Kf8 (43... Kd7 {with more complications.} 44. Qe1 Bc7 45. Qc1 Be5) 44. Qd6+ (44. Qf4 {feels hotter.} Kg7 45. Qh2 Kf8 46. Qh7) 44... Qxd6 45. Nxd6 Ke7 46. Nb5 Kf6 47. Bd1 Ke5 48. Kb3 Kd5 49. Kc2 Bf6 50. b3 g5 51. Be2 Be7 52. Bc4+ Ke5 53. Kd3 Kf4 54. Ke2 g4 55. fxg4 Kxg4 56. Nd4 Kf4 {[%emt 0:02:32] [#]} 57. Nxe6+ {[%emt 0:00:28] Black defended with fortune.   Weighted Error Value: White=0.18 (very precise) /Black=0.21 (precise) .  Loses game:     	---       	Black=1      Mistake:       	White=2     	Black=2      Inaccurate:     	White=3     	Black=1      OK:         	White=17    	Black=14     Best:        	White=4     	Black=4      Strong:       	White=4     	---} 1/2-1/2

[Event "SixDays Budapest January IM-A 2025"]
[Site "Budapest"]
[Date "2025.01.27"]
[Round "3.3"]
[White "Pribelszky, Bence Daniel"]
[Black "Golubovskis, Maksims"]
[Result "1-0"]
[Annotator "TA"]
[ECO "A05"]
[WhiteElo "2391"]
[BlackElo "2237"]
[PlyCount "85"]
[EventDate "2025.01.24"]
[EventType "tourn"]
[EventCountry "HUN"]
[SourceTitle "playchess.com"]
[Source "ChessBase"]
[SourceQuality "1"]
[TimeControl "5400+30"]

1. Nf3 Nf6 2. g3 d5 3. Bg2 Bf5 4. O-O e6 5. c4 c6 6. Qb3 {[%emt 0:01:37] A11: English Opening: 1...c6.} Qc7 7. Nc3 Nbd7 8. cxd5 {[%emt 0:00:56] The position is equal.} exd5 9. d3 Bd6 {[%emt 0:01:59] Wards off Bf4} 10. Qc2 O-O 11. e4 dxe4 12. dxe4 Be6 (12... Bg4 $14) 13. Nd4 $146 (13. Re1 Ng4 14. Nd4 Bc5 15. Bf4 Qa5 16. Rad1 Rad8 17. h3 Nge5 18. a3 Ng6 19. Be3 Bxd4 20. Rxd4 {0-1 Miturova,M (2180)-Dartmann Aubanell,C (1870) BL 2223 (Women) 2022 (3.6)}) 13... Bc4 14. Rd1 Rfe8 15. Nf5 Bf8 16. Bf4 Ne5 17. b3 Ba6 {[%emt 0:00:21] [#]} 18. Nd5 $1 Nxd5 19. exd5 Qb6 20. d6 {[%emt 0:02:10][%csl Od6] White has a strong passed pawn} Rad8 21. h3 {[%emt 0:19:47] Prevents Ng4} (21. Qc3 $16 Ng4 22. Ne3) 21... f6 22. Qc3 Qb5 $2 (22... Rd7 $1 $14) 23. Rd2 (23. a4 $18 {and White stays clearly on top.} Qe2 24. g4) 23... Rd7 ({Black should try} 23... Nd3 24. Nd4 Qh5) 24. Rad1 Nf7 (24... Ng6 $16) 25. g4 $18 Qb6 26. Be3 Qd8 27. Bxa7 {[%emt 0:00:30] White is much more active.} (27. a4 $16) 27... b6 $2 {[%emt 0:05:50] Prevents b4} (27... Be2 $14) 28. Ne7+ $1 (28. Bxc6 Rxa7 29. Bxe8 Qxe8 $11) 28... Bxe7 29. dxe7 Rexe7 30. Rxd7 $40 {[%mdl 128] Black is in trouble.} (30. Bxc6 $2 Rxd2 31. Rxd2 Qc7 $19) 30... Rxd7 31. Rxd7 Qxd7 32. Qxc6 (32. Bxc6 $2 {is the wrong capture.} Qxa7 33. Bd5 Qd7 $19) 32... Qe7 (32... Qxc6 {was called for.} 33. Bxc6 b5) 33. Qa8+ (33. Qxb6 Qe1+ 34. Kh2 Qe5+ 35. f4 Qxf4+ 36. Kh1 Qc1+ 37. Qg1 Qc2 $16) 33... Nd8 $2 (33... Qf8 34. Qc6 (34. Bxb6 Bc8 $18) 34... h5 35. Bxb6 hxg4 36. hxg4 Ne5 37. Qe6+ Kh8) 34. Qd5+ (34. Bd5+ $142 Kh8 35. Bxb6) 34... Nf7 35. Bxb6 {[%emt 0:00:19] [#] Black must now prevent Qa8+.} Bc8 36. Be3 g6 37. Qc5 Qd7 38. Bd5 Kg7 {[%emt 0:00:06] Wards off Bh6+} 39. Qc6 Qd8 40. Bb6 {[%emt 0:00:19] White is clearly winning.} Qf8 (40... Qd6 $142 41. Qxd6 Nxd6) 41. Qc7 Ba6 42. Be3 Qe8 43. Bxf7 {[%emt 0:00:17] Weighted Error Value: White=0.37/Black=0.69  Loses game:     	---       	Black=2      Mistake:       	White=4     	Black=6      Inaccurate:     	White=1     	Black=1      OK:         	White=7     	Black=11     Best:        	White=3     	---        Strong:       	White=1     	---} 1-0

[Event "SixDays Budapest January IM-A 2025"]
[Site "Budapest"]
[Date "2025.01.27"]
[Round "3.4"]
[White "Chubakov, Sultan"]
[Black "Mauron, Pierre"]
[Result "1/2-1/2"]
[Annotator "TA"]
[ECO "A28"]
[WhiteElo "2237"]
[BlackElo "2016"]
[PlyCount "73"]
[EventDate "2025.01.24"]
[EventType "tourn"]
[EventCountry "HUN"]
[SourceTitle "playchess.com"]
[Source "ChessBase"]
[SourceQuality "1"]
[TimeControl "5400+30"]

1. c4 e5 2. Nc3 Nf6 3. Nf3 Nc6 4. a3 d5 5. cxd5 Nxd5 6. Qc2 Be7 7. e3 O-O 8. Nxd5 {[%emt 0:08:01] A28: English Opening: Four Knights Variation.} Qxd5 9. Bd3 h6 (9... Kh8 $11) 10. Be4 {[%emt 0:05:59] White is slightly better.} Qd6 11. Qc3 (11. b4 $14 {feels stronger.}) 11... Bf6 $146 (11... Bd7 12. Bxc6 Bxc6 13. Qxe5 Qxe5 14. Nxe5 Bxg2 15. Rg1 Bd5 16. d3 Kh7 17. e4 Bd6 {0-1 Menon,G (1821)-Starosta,M (2208) Wch U18 Girls 2023 (7)}) 12. O-O Bg4 13. Qc2 Rad8 14. b4 Rfe8 15. Rb1 Ne7 16. b5 c6 17. bxc6 bxc6 18. Qa4 Qd7 19. Bb2 Nd5 20. Rfc1 Rc8 21. Ne1 (21. h3 $14 Bxf3 22. Bxf3) 21... Nb6 $11 22. Qc2 c5 23. h3 Be6 24. Nf3 Nc4 25. d3 Nxb2 26. Qxb2 Bd5 27. Qb5 Qxb5 28. Rxb5 Bxe4 29. dxe4 c4 30. Rb4 c3 31. Rb3 c2 {[%emt 0:01:24] [#] and ...Red8 would now be decisive} 32. Ne1 Rc4 33. Rxc2 ({Not} 33. Nxc2 Be7 34. Rd3 Rec8 $17) 33... Rxe4 34. Rc7 Ra4 35. Nc2 Rd8 36. Kf1 Ra5 37. Rbc3 {[%emt 0:00:39] Weighted Error Value: White=0.08 (flawless) /Black=0.11 (very precise)   Mistake:       	White=3     	Black=1      Inaccurate:     	---       	Black=3      OK:         	White=14    	Black=11     Best:        	---       	Black=1} (37. e4 $11) 1/2-1/2

[Event "SixDays Budapest January IM-A 2025"]
[Site "Budapest"]
[Date "2025.01.27"]
[Round "3.5"]
[White "Papp, Levente"]
[Black "Kiremitciyan, Ari"]
[Result "1/2-1/2"]
[Annotator "TA"]
[ECO "A15"]
[WhiteElo "2386"]
[BlackElo "2251"]
[PlyCount "28"]
[EventDate "2025.01.24"]
[EventType "tourn"]
[EventCountry "HUN"]
[SourceTitle "playchess.com"]
[Source "ChessBase"]
[SourceQuality "1"]
[TimeControl "5400+30"]

1. c4 Nf6 2. g3 e6 3. Bg2 d5 4. Nf3 d4 5. d3 Bb4+ 6. Nbd2 {[%emt 0:08:09] White wants to play Qa4+. A13: English Opening: 1...e6.} a5 7. Ne5 {[%emt 0:04:51] Wards off Nc6} Qd6 8. f4 {[%emt 0:01:12] White is slightly better.} Nbd7 9. Nxd7 $146 (9. Nef3 a4 10. O-O a3 11. bxa3 Bxa3 12. Nb3 c5 13. Bd2 O-O 14. Rb1 e5 15. fxe5 Nxe5 {½-½ Chigaev,M (2621)-Deac,B (2690) ROM GP Final GpD rapid 2023 (2)}) 9... Nxd7 10. O-O Bxd2 11. Bxd2 Nc5 12. b4 axb4 13. Bxb4 Ra7 14. a4 b6 {[%emt 0:01:32] Weighted Error Value: White=0.02 (flawless) /Black=0.14 (very precise)   Mistake:       	---       	Black=1      Inaccurate:     	---       	Black=3      OK:         	White=4     	Black=2      Best:        	White=1     	---} (14... O-O $142) 1/2-1/2

[Event "SixDays Budapest January IM-A 2025"]
[Site "Budapest"]
[Date "2025.01.28"]
[Round "4.1"]
[White "Karacsonyi, Kata"]
[Black "Kiremitciyan, Ari"]
[Result "1/2-1/2"]
[Annotator "TA"]
[ECO "C65"]
[WhiteElo "2183"]
[BlackElo "2251"]
[PlyCount "139"]
[EventDate "2025.01.24"]
[EventType "tourn"]
[EventCountry "HUN"]
[SourceTitle "playchess.com"]
[Source "ChessBase"]
[SourceQuality "1"]
[TimeControl "5400+30"]

1. e4 e5 2. Nf3 Nc6 3. Bb5 Nf6 4. d3 Bd6 5. O-O a6 6. Ba4 {[%emt 0:03:54] C65: Ruy Lopez: Berlin Defence (3...Nf6), unusual lines and 4 0-0 Bc5.} O-O $1 {[%emt 0:00:48] 6...0-0 is better than 6...b5.} 7. Bg5 h6 8. Bh4 b5 9. Bb3 Be7 10. c3 d6 11. a4 {[%emt 0:06:13] And now axb5 would win.} Rb8 12. axb5 axb5 13. Nbd2 Nh5 14. Bg3 Nxg3 15. hxg3 Bf6 16. Nh2 $146 (16. Re1 g6 17. Nf1 Bd7 18. Ne3 Bg7 19. d4 b4 20. Ba4 bxc3 21. bxc3 exd4 22. cxd4 {½-½ Hinks Edwards,T (2343)-Govciyan,P (2368) FRA-chT Top 16 GpA 2006 (3)}) 16... g6 17. f4 exf4 18. gxf4 b4 19. d4 bxc3 20. bxc3 {[%emt 0:00:04] [#]} Nxd4 $1 21. cxd4 Bxd4+ {[%emt 0:00:09] A strong pair of Bishops.} 22. Kh1 Bxa1 23. Qxa1 Be6 $132 {[%emt 0:00:56][%mdl 2048] Black is not holding back} 24. Bc2 {[%emt 0:00:35] Threatening f5.} f5 25. Ndf3 fxe4 26. Bxe4 Qf6 (26... Rxf4 27. Re1 Qd7 28. Bxg6 Bd5) 27. Qxf6 (27. Nd4 Bc4 28. Rc1 Qxf4 $15) (27. Qc1 $11) 27... Rxf6 $17 28. Nd4 Bd7 29. f5 gxf5 30. Ng4 Rg6 (30... fxg4 $6 31. Rxf6 Rb4 32. Bd5+ Kg7 33. Rf7+ Kg6 34. Ne2 $16 (34. Rxd7 Rxd4 35. Bb3 c5 $14)) 31. Nxf5 (31. Bd5+ $142 Kh8 32. Ne3) 31... Rxg4 32. Nxh6+ Kg7 33. Nxg4 Bxg4 {[%emt 0:00:06][%mdl 4096] Endgame KRB-KRB. Black is a pawn up.} 34. Bd5 Rf8 {[%emt 0:00:47] Inhibits Rf7+.} (34... Rb5 $19 35. Bc6 Rf5) 35. Rc1 (35. Rxf8 $17 Kxf8 36. Kh2) 35... c5 $19 36. Rc4 Bd7 37. Kh2 Rf5 38. Bf3 Bb5 39. Rc3 Kf6 40. g4 Rf4 41. Kg3 Rd4 42. Kf2 (42. Rc1 {was worth a try.}) 42... Rd3 43. Rxd3 (43. Rc1) 43... Bxd3 {[%emt 0:00:01] KB-KB. Black is a pawn up.} 44. Ke3 Bh7 45. Kf4 Ke6 $1 46. g5 {[%emt 0:00:04] [#]} d5 $2 (46... c4 $1 $19 47. Bg4+ Ke7) 47. Bg4+ $17 Kd6 48. Bh5 d4 (48... Bb1 $17 49. Bf7 d4) 49. Bf7 (49. g6 $11 {was the only way to keep the balance.} Bg8 50. Be2) 49... Bc2 (49... Bb1 $17 50. g6 Ke7) 50. g6 $11 Ke7 51. Ke5 d3 {[%emt 0:04:20] ( -> ...d2)} (51... Bb1 {simplifies} 52. Kd5 Ba2+ 53. Kxc5 Bxf7 54. Kxd4 Bxg6 55. Kc3 Kf6) 52. Bc4 (52. Bd5 $5 d2 $8 53. Bf3 $17) 52... d2 53. Be2 Bxg6 {[%emt 0:06:44] White must now prevent ...Bc2.} (53... Bd3 {seems wilder.} 54. Bh5 Kf8 55. Kd5 c4) 54. Kd5 $2 (54. Bd1 $11 {and White has nothing to worry.}) 54... Kf6 $2 (54... Bd3 $1 $19 55. Bd1 c4) 55. Bd1 (55. Kc4 $1 $11) 55... Kf5 $19 56. Kxc5 Ke4 57. Kc4 Ke3 58. Kc3 Bd3 59. Ba4 Ke2 60. Bb3 Bb1 (60... d1=B 61. Bxd1+ $11) 61. Ba4 Ke1 (61... d1=R 62. Bxd1+ $11) (61... Be4 $19 62. Kd4 Bg6 (62... d1=B 63. Bxd1+ $11)) 62. Bb3 {[%emt 0:00:07] [#]} (62. Kd4 $17) 62... Ba2 $1 {[%emt 0:00:19] ( -> ...Bxb3)} 63. Ba4 {[%emt 0:00:06] [#]} Be6 (63... d1=B 64. Bxd1 $11) (63... Ke2 $1 $19 64. Be8 Be6 (64... d1=R 65. Bh5+ Kf2 66. Bxd1 $11) 65. Bh5+ Ke3) 64. Kd3 $17 {[%emt 0:01:44] [#]} Bd7 $1 65. Bb3 Bg4 (65... d1=B $6 66. Bxd1 $11) 66. Ke3 Bd1 (66... d1=B $6 67. Bxd1 $11) 67. Be6 Be2 68. Bb3 {[%emt 0:00:05] [#]} Bc4 $1 69. Ba4 (69. Bc2 Be2) 69... d1=Q ({But not} 69... d1=R $6 70. Bxd1 $11) ({Black should play} 69... Bf7 $17) 70. Bxd1 {[%emt 0:00:05] Weighted Error Value: White=0.45/Black=0.29 (precise)   Loses game:     	White=2     	---        Missed win:     	---       	Black=1      Mistake:       	White=7     	Black=6      Inaccurate:     	White=3     	Black=2      OK:         	White=19    	Black=28     Best:        	White=10    	Black=2} 1/2-1/2

[Event "SixDays Budapest January IM-A 2025"]
[Site "Budapest"]
[Date "2025.01.28"]
[Round "4.2"]
[White "Mauron, Pierre"]
[Black "Papp, Levente"]
[Result "0-1"]
[Annotator "TA"]
[ECO "C16"]
[WhiteElo "2016"]
[BlackElo "2386"]
[PlyCount "118"]
[EventDate "2025.01.24"]
[EventType "tourn"]
[EventCountry "HUN"]
[SourceTitle "playchess.com"]
[Source "ChessBase"]
[SourceQuality "1"]
[TimeControl "5400+30"]

1. e4 e6 2. d4 d5 3. Nc3 Bb4 4. e5 Ne7 5. a3 Bxc3+ 6. bxc3 b6 7. Qg4 Ng6 8. h4 h5 9. Qg3 Ba6 10. Bg5 {[%emt 0:02:21] C16: French: 3 Nc3 Bb4 4 e5: Lines without ...c5.} Qc8 $146 (10... Qd7 11. Bxa6 Nxa6 12. Ne2 Qa4 13. Qd3 c5 14. O-O cxd4 15. cxd4 Rc8 16. f4 Qc4 17. Qf3 Ne7 18. Bxe7 Kxe7 {1-0 Kuybokarov,T (2530)-Zhao,J (2638) RBI op Qualifier 1 blitz 2020 (7)}) 11. Bxa6 Qxa6 12. Ne2 {[%emt 0:00:50] The position is equal.} c5 13. Qf3 Nc6 14. g4 ({White should try} 14. O-O $15) 14... hxg4 $17 15. Qxg4 Qa4 16. Rg1 Qxc2 {[%emt 0:02:49] Black attacks} (16... cxd4 17. cxd4 Nge7 (17... Qxc2 18. Rc1 $11) 18. c3 $15) 17. Rc1 Qb2 18. Rg3 (18. h5 Nge7 19. h6 gxh6 (19... Qxa3 20. hxg7 Rg8 21. Bf6 $16)) 18... Nge7 (18... Qxa3 19. Kf1 $17) 19. Rf3 Nf5 (19... Qxa3 20. Bxe7 Nxe7 21. Qxg7 $16) 20. Rd1 Qc2 21. Rd2 Qe4 {[%emt 0:07:23] Dancing on a razor blade. Black is more active.} 22. Qxe4 dxe4 23. Rf4 e3 24. fxe3 Nxe3 {[%emt 0:00:14] [#]} 25. Re4 (25. Ng3 $17 {might work better.}) 25... Nf5 {[%emt 0:08:45] A dynamic duo of knights.} (25... Nc4 $19 {is more deadly.} 26. Rd1 Nxa3 27. dxc5 bxc5) 26. Kf2 (26. d5 $142 exd5 27. Rxd5) 26... cxd4 27. cxd4 Nce7 28. Nf4 Nd5 (28... Rd8 $19 {[%cal Od8d7] Threatens to win with ...Rd7!.} 29. a4 Rd7 (29... Nxh4 30. Nxe6 fxe6 31. Rxh4 $17)) 29. Nxd5 exd5 30. Rf4 {[%emt 0:00:57] [#]} g6 31. Bf6 Rh5 32. Rc2 {[%emt 0:02:04] Dodges Rc8} Kd7 {[%emt 0:00:10] Inhibits Rc7+.} 33. Ke2 $1 Rc8 34. Rxc8 Kxc8 $11 {[%emt 0:00:02][%mdl 4096] Endgame KRB-KRN. Black is a pawn up.} 35. Kd3 $1 Kd7 36. Kc2 $2 (36. Rf2 $15) 36... Ng3 37. Bg5 Rh7 38. Rf6 Ne4 {[%emt 0:01:27] Repels Rd6+} 39. e6+ fxe6 40. Rxg6 Nxg5 41. hxg5 $17 {[%emt 0:00:26] KR-KR. Black is a pawn up.} Rh2+ 42. Kc3 Rh3+ 43. Kb4 $2 ({Only move:} 43. Kb2 $1 $15) 43... Rd3 $19 44. Rg7+ Kc6 {[%emt 0:00:04] ( -> ...a5+)} 45. Rxa7 Rxd4+ 46. Kb3 $2 (46. Kc3 {was the only defense.} Rc4+ 47. Kd2) 46... Rg4 47. Re7 Kd6 (47... Rxg5 48. Rxe6+ Kc5 49. Re7 $17) 48. Rb7 Kc5 (48... Rxg5 49. Rxb6+ Kd7 50. a4 $17) 49. Rc7+ $2 (49. Re7) 49... Kd4 50. Rc6 e5 ({Not} 50... Rxg5 51. Rxe6 Kc5 52. Re8 $15) 51. g6 Rg1 (51... e4 $142 52. Rxb6 Kd3) 52. Kb4 e4 {[%emt 0:00:11] ( -> ...e3)} 53. Kb5 e3 {[%emt 0:02:18] Black mates.} 54. Re6 Kd3 55. Kxb6 e2 56. g7 Rxg7 ({And not} 56... e1=R 57. Rxe1 Rxg7 58. a4 $11) 57. Kc5 d4 58. a4 Rg5+ 59. Kb6 Rg1 {[%emt 0:00:06] Weighted Error Value: White=0.65/Black=0.28 (precise)   Loses game:     	White=2     	---        Mistake:       	White=5     	Black=2      Inaccurate:     	White=4     	Black=2      OK:         	White=16    	Black=16     Best:        	White=2     	Black=4      Strong:       	White=2     	---} 0-1